 Dungeon Crawl Stone Soup version 0.30-a0-304-gdc4b735fe1 (webtiles) character file.

Game seed: 245870650729374375

60 koil the Sneak (level 3, -3/18 HPs)
             Began as a Spriggan Brigand on Oct 21, 2022.
             Slain by a gnoll
             ... wielding a +0 spear of venom
              (4 damage)
             ... on level 2 of the Dungeon.
             The game lasted 00:01:58 (1199 turns).

koil the Sneak (Spriggan Brigand)                   Turns: 1199, Time: 00:01:59

Health: -3/18      AC:  3    Str:  7    XL:     3   Next: 80%
Magic:  6/6        EV: 17    Int: 14    God:
Gold:   71         SH:  0    Dex: 16    Spells: 5/5 levels left

rFire   . . .      SeeInvis +    a - +2 dagger
rCold   . . .      Faith    .    (no shield)
rNeg    . . .      Spirit   .    j - +0 robe
rPois   .          Reflect  .    (helmet restricted)
rElec   .          Harm     .    c - +0 cloak
rCorr   .          Rampage  .    (gloves unavailable)
Will    .....                    (boots unavailable)
Stlth   +++.......               (no amulet)
HPRegen 0.23/turn                (no ring)
MPRegen 0.10/turn                (no ring)

@: very quick
A: very small, no large weapons, unfitting armour, see invisible, speed 3
a: no special abilities


You were on level 2 of the Dungeon.
You visited 1 branch of the dungeon, and saw 2 of its levels.

You collected 71 gold pieces.

Inventory:

Hand Weapons
 a - a +2 dagger (weapon)
Missiles
 d - 9 poisoned darts (quivered)
 e - 8 curare-tipped darts
Armour
 b - a +0 robe
 c - a +0 cloak (worn)
 j - a +0 robe (worn)
Scrolls
 g - a scroll of amnesia {unknown}
Potions
 f - 2 potions of curing {unknown}
 h - a potion of magic {unknown}
 i - a potion of ambrosia {unknown}


   Skills:
 + Level 2.0 Fighting
 + Level 2.8 Short Blades
 - Level 2.0 Throwing
 + Level 2.4 Dodging
 + Level 6.4 Stealth
 + Level 1.6 Spellcasting


You had 5 spell levels left.
You didn't know any spells.
Your spell library was empty.

Dungeon Overview and Level Annotations

Branches:
Dungeon (2/15)

Altars:


Innate Abilities, Weirdness & Mutations

You are very small and have problems with some larger weapons.
You are too small for most types of armour.
You have supernaturally acute eyesight. (SInv)
You cover ground extremely quickly. (Speed+++)


Message History

You kill the goblin!
No target in view!
No target in view!
You open the large door. You open the door.
There is an open door here.
i - a dark potion
Found a spear.
Jessica the Apprentice Sorceress comes into view.
She is wielding a +0 dagger.
Found a thin smoking staff.
The helpless Jessica fails to defend herself.
You impale Jessica!!
You kill Jessica!
Your Fighting skill increases to level 2!
A gnoll comes into view. It is wielding a +0 whip.
Things that are here:
a +0 dagger; a +0 robe
j - a +0 robe You start removing your armour.
You continue taking off your +0 robe. x4
You finish taking off your +0 robe.
You start putting on your armour.
You continue putting on your +0 robe. x2
Magic restored.
You continue putting on your +0 robe. x3
You finish putting on your +0 robe.
You see here a +0 dagger. 2 gnolls come into view.
A gnoll is wielding a +0 spear of venom.
Found a viscous puce potion.
A gnoll comes into view. It is wielding a +0 whip.
The gnoll shouts! x2
The gnoll hits you with a +0 flail!
Ouch! That really hurt!
The gnoll misses you.
The gnoll shouts!
You are too injured to fight recklessly!
You are too injured to fight recklessly!
The gnoll hits you with a +0 flail.
* * * LOW HITPOINT WARNING * * *
The gnoll hits you from afar with a +0 spear of venom.
You die...

#######.# #####!......
........... ##.....#
###### ##......# #....
#.......####.#.# .
#.....gg+....#.# ...
#......g###....###....
.....#....g@).....).....|
.########+#.##.....######
#.###.........#### ..#
#####.#....... ####
#...#....... #.###.......
#.# #....... ...###.#
#....... ...#...#
#.†.....


You could see 4 gnolls.

Vanquished Creatures
  Jessica (D:2)
  An adder (D:2)
  A dart slug (D:1)
  3 giant cockroaches (D:1)
  2 hobgoblins (D:1)
  3 quokkas
  2 ball pythons (D:1)
  2 bats (D:1)
  2 frilled lizards (D:1)
  3 goblins
  3 kobolds (D:1)
  A rat (D:1)
24 creatures vanquished.

Notes
Turn   | Place    | Note
-------+----------+-------------------------------------------
     0 | D:1      | koil the Spriggan Brigand began the quest for the Orb.
     0 | D:1      | Reached XP level 1. HP: 10/10 MP: 2/2
   158 | D:1      | Reached skill level 6 in Stealth
   187 | D:1      | Reached XP level 2. HP: 15/15 MP: 3/3
   730 | D:1      | Reached skill level 1 in Spellcasting
  1135 | D:2      | Reached XP level 3. HP: 18/18 MP: 5/5
  1163 | D:2      | Noticed Jessica
  1170 | D:2      | Killed Jessica
  1199 | D:2      | Slain by a gnoll

Illustrated notes

Levels and vault maps discovered:
D:1:      matt_arrival_refuge, layout_basic, minivault_25, minmay_misc_feat_x,
          chequers_serial_rivers_large_b
D:2:      layout_basic, chequers_serial_rivers_large_a, uniq_robin, uniq_jessica

Skill      XL: |  1  2  3 |
---------------+----------+-----
Stealth        | 6 |  6.4
Spellcasting   | 1 |  1.6
Dodging        | 2 |  2.4
Fighting       | 2 |  2.0
Short Blades   | |  2.8
Throwing       | |  2.0

Action                   || total
-------------------------++-------
Melee: Dagger            ||    45
 Stab: Sleeping          ||    10
Armor: Robe              ||     4
Dodge: Dodged            ||    26

Table legend: (Time is in decaauts)
 A = Elapsed time spent in this place.
 B = Non-inter-level travel time spent in this place.
 C = Inter-level travel time spent in this place.
 D = Time resting spent in this place.
 E = Time spent auto-exploring this place.
 F = Levels seen in this place.
 G = Mean time per level.
                   A        B        C        D        E       F      G
               +--------+--------+--------+--------+--------+-----+--------+
         Total |    793 |    786 |      7 |      0 |    654 |   2 |  396.5 |
       Dungeon |    793 |    786 |      7 |      0 |    654 |   2 |  396.5 |
               +--------+--------+--------+--------+--------+-----+--------+

Top non-repeatable levels by time:
     D:1: 738 daAuts
     D:2: 55 daAuts
